 Dungeon Crawl Stone Soup version 0.23.0-3-gf3c87f2df8 (webtiles) character file.

Game seed: 3331745676935818658

6493 Sludgepup the Fighter (level 11, -5/120 HPs)
             Began as a Gargoyle Fighter on Feb 23, 2019.
             Was an Elder of Okawaru.
             Killed by divine providence
             ... invoked by an orc priest
              (11 damage)
             ... on level 8 of the Dungeon.
             The game lasted 00:15:50 (9835 turns).

Sludgepup the Fighter (Gargoyle Fighter)            Turns: 9835, Time: 00:15:50

Health: -5/120     AC: 25    Str: 21    XL:     11   Next: 0%
Magic:  11/11      EV:  2    Int: 13    God:    Okawaru [****..]
Gold:   402        SH:  9    Dex:  9    Spells: 6/10 levels left

rFire    . . .     SeeInvis .   E - +0 whip (freeze)
rCold    . . .     Gourm    .   c - +0 shield
rNeg     + + +     Faith    .   (armour currently unavailable)
rPois    ∞         Spirit   .   (helmet currently unavailable)
rElec    .         Reflect  .   (cloak currently unavailable)
rCorr    .         Harm     .   (gloves currently unavailable)
MR       .....     NoTele   +   (boots currently unavailable)
Stlth    +.........             (no amulet)
HPRegen  0.30/turn              z - +2 ring of intelligence
MPRegen  0.12/turn              k - -3 ring of slaying (curse)

@: tree-form
A: negative energy resistance 1, petrification resistance, rot immunity, AC +8
a: Heroism, Renounce Religion


You were on level 8 of the Dungeon.
You worshipped Okawaru.
Okawaru was greatly pleased with you.
You were hungry.
You were a tree.
You visited 2 branches of the dungeon, and saw 9 of its levels.

You collected 402 gold pieces.

Inventory:

Hand Weapons
 a - a +1 mace of holy wrath
 E - a +0 whip of freezing (weapon)
Missiles
 m - 11 tomahawks (quivered)
 B - 6 tomahawks of returning
 M - 3 javelins
Armour
 b - a +0 scale mail (melded)
 c - a +0 shield (worn)
 e - a +1 pair of boots (melded)
 r - a +0 helmet (melded)
 y - a +2 pair of gloves (melded)
Jewellery
 j - an uncursed ring of protection from cold
 k - a cursed -3 ring of slaying (right branch)
 w - an uncursed ring of magical power
 z - a +2 ring of intelligence (left branch)
 I - a cursed ring of attention {unknown}
Wands
 C - a wand of paralysis (13)
 G - a wand of polymorph (5)
 H - a wand of disintegration (10)
 J - a wand of iceblast (6)
Scrolls
 n - 2 scrolls of teleportation
 o - 3 scrolls of blinking
 s - 3 scrolls of remove curse {unknown}
 t - a scroll of magic mapping {unknown}
 u - a scroll of enchant weapon {unknown}
 v - 5 scrolls of identify {unknown}
 D - a scroll of fear {unknown}
 F - 2 scrolls of amnesia {unknown}
 K - a scroll of enchant armour {unknown}
Potions
 d - a potion of might
 g - a potion of invisibility {unknown}
 h - 2 potions of degeneration
 i - a potion of mutation {unknown}
 l - 2 potions of lignification
 p - 2 potions of flight {unknown}
 q - a potion of brilliance {unknown}
 x - 3 potions of curing {unknown}
 A - 2 potions of agility {unknown}
Comestibles
 f - 15 rations


   Skills:
 * Level 14.2 Fighting
 + Level 9.7 Maces & Flails
 - Level 3.2 Armour
 - Level 3.2 Shields


You had 6 spell levels left.
You knew the following spells:

 Your Spells              Type           Power        Failure   Level  Hunger
a - Apportation           Tloc           #.....       80%         1    ##.....
b - Regeneration          Chrm/Necr      #.........   99%         3    ####...

Your spell library contained the following spells:

 Spells                   Type           Power        Failure   Level  Hunger
 Animate Skeleton         Necr           N/A          80%         1    ##.....
 Confusing Touch          Hex            #.....       80%         1    ##.....
 Pain                     Necr           #...         80%         1    ##.....
 Summon Small Mammal      Summ           #...         80%         1    ##.....
 Vampiric Draining        Necr           #.........   99%         3    ####...
 Animate Dead             Necr           N/A          100%        4    #####..


Dungeon Overview and Level Annotations

Branches:
Dungeon (8/15)             Temple (1/1) D:6
   Lair: D:8-11

Altars:
Ashenzari
Cheibriados
Dithmenos
Elyvilon
Fedhas
Gozag
Hepliaklqana
Kikubaaqudgha
Nemelex Xobeh
Okawaru
Qazlal
Ru
Sif Muna
Trog
Uskayaw
Vehumet
Xom
Yredelemnul
Zin
The Shining One

Shops:
D:4 =


Innate Abilities, Weirdness & Mutations

You are resistant to torment.
((Your stone body is resilient. (AC +8)))
You are immune to poison.
You resist negative energy. (rN+)
((You are resistant to electric shocks. (rElec)))
((You can survive without breathing.))
You are immune to petrification.
You are immune to rotting.


Message History

The orc priest invokes the aid of Beogh against you.
You struggle to resist.
The orc priest hits you but does no damage.
Unknown command.
It was a potion of lignification.
You turn into a tree.
Your +0 helmet melds into your body.
Your +2 pair of gloves melds into your body.
Your +1 pair of boots melds into your body.
Your +0 scale mail melds into your body.
Your roots penetrate the ground.
The orc priest hits you but does no damage.
The orc priest mumbles some strange prayers to Beogh against you.
Beogh smites you!
* * * LOW HITPOINT WARNING * * *
You hit the orc priest. You freeze the orc priest.
The orc priest is moderately wounded.
You block the orc priest's attack.
The orc priest invokes the aid of Beogh against you.
Beogh smites you!
You die...

#.....# #.#..#..##.#.
#.....# #.#..#.....#.
#.....# #.#####.###..
####### #.......# #..
#......## #..
#......####..
##########...........#
#.......##.[..........
#....♣..##.....o.....#
#....oo.##......###)..
#.......##..o.........
#....).......o.[......
#.......##...#<.......
#.......#........o....
#######.#........(.(((
#######[#......#######
#.....)).......#


You could see 2 orc priests.

Vanquished Creatures
  Gastronok (D:8)
  Erica (D:8)
  Pikel (D:5)
  Maurice (D:8)
  Prince Ribbit (D:5)
  A hippogriff (D:7)
  A human (D:7)
  3 hogs
  Grum (D:8)
  2 slaves
  An ice beast (D:6)
  A phantom (D:6)
  4 ogres
  A sky beast (D:7)
  3 wolves (D:7)
  A wyvern zombie (D:7)
  Blork the orc (D:6)
  2 bullfrogs
  3 scorpions
  2 howler monkeys (D:6)
  5 crimson imps
  2 orc priests
  A jelly (D:8)
  6 hounds
  3 orc wizards
  A centaur skeleton (D:7)
  4 iguanas
  3 worker ants
  12 adders
  An ooze (D:1)
  An adder zombie (D:7)
  An adder skeleton (D:4)
  2 worms (D:2)
  2 dart slugs
  4 leopard geckos
  17 orcs
  8 ball pythons
  4 bats
  3 giant cockroaches
  4 hobgoblins
  7 quokkas
  5 frilled lizards
  A giant cockroach zombie (D:6)
  4 goblins
  14 kobolds
  2 leopard gecko skeletons
  A quokka skeleton (D:4)
  6 rats
156 creatures vanquished.

Notes
Turn   | Place    | Note
-------+----------+-------------------------------------------
     0 | D:1      | Sludgepup the Gargoyle Fighter began the quest for the Orb.
     0 | D:1      | Reached XP level 1. HP: 14/14 MP: 1/1
   101 | D:1      | Reached XP level 2. HP: 20/20 MP: 2/2
   557 | D:1      | Reached skill level 4 in Fighting
   838 | D:2      | Found a stormy altar of Qazlal.
   908 | D:2      | Reached XP level 3. HP: 15/24 MP: 3/3
  1130 | D:2      | Reached XP level 4. HP: 27/30 MP: 4/4
  1808 | D:3      | Reached skill level 5 in Fighting
  1978 | D:3      | Reached XP level 5. HP: 33/35 MP: 5/5
  2077 | D:3      | Found an iron altar of Okawaru.
  2079 | D:3      | Found a hazy altar of Hepliaklqana.
  2156 | D:3      | Found an ancient bone altar of Kikubaaqudgha.
  2156 | D:3      | Found a sacrificial altar of Ru.
  2160 | D:3      | Found an opulent altar of Gozag.
  2161 | D:3      | Found a glowing silver altar of Zin.
  2445 | D:3      | Reached skill level 6 in Fighting
  2849 | D:3      | Reached XP level 6. HP: 37/41 MP: 6/6
  2957 | D:4      | Found Lyowkonk's Jewellery Boutique.
  3360 | D:4      | Found a blossoming altar of Fedhas.
  3812 | D:5      | Entered Level 5 of the Dungeon
  3812 | D:5      | Noticed Pikel
  3812 | D:5      | Noticed a slave
  3812 | D:5      | Noticed a slave
  3812 | D:5      | Noticed a slave
  3813 | D:5      | Noticed a slave
  3850 | D:4      | Killed a slave
  4102 | D:5      | Reached skill level 7 in Fighting
  4102 | D:5      | Reached XP level 7. HP: 20/48 MP: 7/7
  4352 | D:5      | Noticed Prince Ribbit
  4386 | D:5      | Killed Prince Ribbit
  4386 | D:5      | Reached skill level 8 in Fighting
  4386 | D:5      | Reached skill level 5 in Maces & Flails
  4739 | D:6      | Reached XP level 8. HP: 22/55 MP: 8/8
  4764 | D:6      | Reached skill level 9 in Fighting
  4821 | D:5      | Killed Pikel
  4821 | D:5      | Reached skill level 10 in Fighting
  5026 | D:6      | Noticed Blork the orc
  5054 | D:6      | Killed Blork the orc
  5084 | D:6      | Reached XP level 9. HP: 23/63 MP: 9/9
  5333 | D:6      | Found a staircase to the Ecumenical Temple.
  5347 | Temple   | Entered the Ecumenical Temple
  5707 | D:3      | Found a white marble altar of Elyvilon.
  5707 | D:3      | Found a shattered altar of Ashenzari.
  5711 | D:3      | Became a worshipper of Warmaster Okawaru
  6234 | D:7      | Reached skill level 11 in Fighting
  6525 | D:7      | Found a glowing golden altar of the Shining One.
  6984 | D:7      | Reached * piety under Okawaru
  7433 | D:7      | Learned a level 1 spell: Apportation
  7451 | D:7      | Learned a level 3 spell: Regeneration
  7575 | D:7      | Reached skill level 12 in Fighting
  7835 | D:8      | Noticed Gastronok
  7859 | D:8      | Killed Gastronok
  7859 | D:8      | Reached ** piety under Okawaru
  7859 | D:8      | Reached *** piety under Okawaru
  7859 | D:8      | Reached skill level 13 in Fighting
  7859 | D:8      | Reached XP level 10. HP: 35/73 MP: 10/10
  8160 | D:8      | Noticed Grum
  8403 | D:8      | Killed Grum
  8652 | D:8      | Noticed Erica
  8653 | D:8      | Noticed Maurice
  8876 | D:8      | Killed Erica
  8876 | D:8      | Reached **** piety under Okawaru
  8876 | D:8      | Reached skill level 14 in Fighting
  9315 | D:8      | Killed Maurice
  9560 | D:7      | Reached XP level 11. HP: 41/80 MP: 11/11
  9834 | D:8      | HP: 6/120 [orc priest/divine providence (12)]
  9835 | D:8      | Killed from afar by an orc priest

Skill      XL: |  1  2  3  4  5  6  7  8  9 10 |
---------------+-------------------------------+-----
Fighting       | 4 5 6 7 8 10 13 14 | 14.2
Maces & Flails | 3 4 5 6 9 |  9.7
Armour         | |  3.2
Shields        | |  3.2

Action                   |  1- 3 |  4- 6 |  7- 9 | 10-12 || total
-------------------------+-------+-------+-------+-------++-------
Melee: Flail             |   164 |   482 |       |       ||   646
       Mace              |       |    81 |   167 |       ||   248
       Whip              |       |       |   550 |   344 ||   894
Throw: Tomahawk          |       |     9 |       |       ||     9
Invok: Heroism           |       |       |       |     1 ||     1
Evoke: Wand              |       |       |     1 |       ||     1
  Use: Scroll            |     1 |     2 |       |       ||     3
       Potion            |       |     2 |     4 |     1 ||     7
 Stab: Paralysed         |       |       |     8 |       ||     8
  Eat: Chunk             |       |    11 |    12 |     2 ||    25
       Ration            |       |       |     1 |     1 ||     2
Armor: Scale mail        |    98 |   428 |   362 |   167 ||  1055
       Skin              |       |       |       |     1 ||     1
Dodge: Dodged            |    54 |   211 |   167 |    64 ||   496
Block: Shield            |    82 |   302 |   287 |   149 ||   820
